[Event "III Menorca Open-A 2024"]
[Site "Ciutadella Menorca"]
[Date "2024.04.06"]
[Round "7.19"]
[White "Prado, Alexandra"]
[Black "Eche, Sylvain"]
[Result "0-1"]
[ECO "B26"]
[WhiteElo "1877"]
[BlackElo "2019"]
[Annotator "NA RC"]
[PlyCount "80"]
[EventDate "2024.04.02"]
[EventType "swiss"]
[EventCountry "ESP"]
[SourceTitle "playchess.com"]
[Source "ChessBase"]
[SourceQuality "1"]
[TimeControl "5400+30"]

1. e4 c5 2. Nc3 d6 3. g3 Nc6 4. Bg2 g6 5. d3 Bg7 6. Be3 Rb8 7. Qd2 b5 8. Nge2 b4 {[%emt 0:01:53] The main line 8...b4 scores better than 8...Nd4.} 9. Nd1 Nd4 10. O-O h5 {[%emt 0:04:22] B26: Closed Sicilian: 3 g3, lines with early Be3.} 11. h4 e6 12. c3 Nxe2+ 13. Qxe2 bxc3 14. bxc3 Ne7 $146 ({Predecessor:} 14... Ba6 15. Re1 Nf6 16. Qd2 Ng4 17. Bg5 Qa5 18. d4 cxd4 19. cxd4 Qxd2 20. Bxd2 Bxd4 21. Rc1 Kd7 22. Bh3 Ne5 23. Bc3 Nf3+ 24. Kh1 Bxc3 25. Rxc3 Nxe1 {0-1 Nguyen,H (1957)-Preotu,R (2487) Titled Tuesday intern op 27th July blitz 2021 (1)}) 15. d4 cxd4 16. Bxd4 Bxd4 17. cxd4 O-O 18. Nc3 Qa5 19. Qe3 Ba6 20. Rfb1 Rbc8 21. Rc1 Rc7 22. e5 Nf5 23. Qe1 Nxd4 24. Kh2 Qxe5 25. Qxe5 dxe5 26. Ne4 Rfc8 27. Nf6+ Kf8 28. Rxc7 Rxc7 29. Re1 Ke7 30. Ne4 Rc2 31. Kg1 Rxa2 32. Nc5 Be2 33. Rb1 Bb5 34. Rd1 a5 35. Bf1 Bc6 36. Bg2 Nf3+ 37. Kf1 Bb5+ 38. Nd3 e4 39. Bxf3 Bxd3+ 40. Ke1 Bc2 $19 0-1

[Event "III Menorca Open-A 2024"]
[Site "Ciutadella Menorca"]
[Date "2024.04.06"]
[Round "7.20"]
[White "Saine, Zachary"]
[Black "Salord Guillen, Joan"]
[Result "0-1"]
[ECO "B56"]
[WhiteElo "2010"]
[BlackElo "1926"]
[Annotator "NA RC"]
[PlyCount "110"]
[EventDate "2024.04.02"]
[EventType "swiss"]
[EventCountry "ESP"]
[SourceTitle "playchess.com"]
[Source "ChessBase"]
[SourceQuality "1"]
[TimeControl "5400+30"]

1. e4 c5 2. Nf3 d6 3. d4 cxd4 4. Nxd4 Nf6 5. Nc3 e5 6. Nb3 Be7 7. f3 O-O 8. Be3 Be6 9. Qd2 a5 10. Bb5 Nc6 11. O-O-O Ne8 {[%emt 0:06:04] B56: Classical Sicilian: Unusual Lines.} 12. Kb1 Qb8 13. Nd5 Bxd5 14. exd5 Nc7 15. dxc6 Nxb5 16. Nxa5 Qc7 17. Nb3 bxc6 18. c4 Na7 19. Qa5 Qb7 20. Qb6 Qd7 21. Nc5 Qf5+ 22. Ne4 Qe6 23. Qa6 Rfc8 24. Bxa7 Rc7 25. Qb6 Rcxa7 26. Qxc6 Rxa2 27. Qd5 Qc8 28. Nc3 Ra1+ 29. Kc2 R1a5 30. Nb5 $2 ({White should play} 30. Qe4 $15) 30... Qa6 31. Rd3 Rc8 32. Rc3 Rc5 33. Qe4 Qc8 34. g4 Ra4 35. b3 Ra2+ 36. Kd3 Bg5 37. Rd1 Ra5 38. Qf5 Qd8 39. b4 g6 40. Qe4 d5 41. Qe1 dxc4+ 42. Ke2 Ra2+ 43. Kf1 Rd5 44. Rxd5 $19 Qxd5 45. Nc7 Qd8 46. Nb5 Qb6 47. h4 Bd2 48. Qe2 Ra1+ 49. Kg2 Qg1+ 50. Kh3 Qh1+ 51. Qh2 Qxh2+ 52. Kxh2 Bxc3 53. Nxc3 Ra3 54. Nb5 Rb3 55. Nd6 c3 0-1

[Event "III Menorca Open-A 2024"]
[Site "Ciutadella Menorca"]
[Date "2024.04.06"]
[Round "7.21"]
[White "Sosa, Tomas"]
[Black "Divya Deshmukh"]
[Result "1-0"]
[ECO "B23"]
[WhiteElo "2562"]
[BlackElo "2427"]
[Annotator "RC"]
[PlyCount "177"]
[EventDate "2024.04.02"]
[EventType "swiss"]
[EventCountry "ESP"]
[SourceTitle "playchess.com"]
[Source "ChessBase"]
[SourceQuality "1"]
[TimeControl "5400+30"]

1. e4 c5 2. Nf3 Nc6 3. Nc3 g6 4. Bb5 Nd4 5. Bc4 Bg7 6. Nxd4 cxd4 7. Qf3 Nh6 8. Ne2 O-O 9. d3 Ng4 10. Bb3 d6 11. Qg3 Nf6 12. h4 Nh5 13. Qf3 Qd7 14. Rg1 a5 15. a4 Kh8 16. g4 Nf6 17. g5 Nh5 18. Nf4 Nxf4 19. Bxf4 Qe8 20. Bd2 Be6 21. h5 Bxb3 22. cxb3 f5 23. gxf6 Rxf6 24. Qh3 gxh5 25. Rc1 Qf7 26. Rc8+ Rxc8 27. Qxc8+ Bf8 28. Qxb7 Rg6 29. Rxg6 hxg6 30. Qd5 Qf3 31. Qxd4+ Bg7 32. Qe3 Qg4 33. Qg5 Qe6 34. Bxa5 Kh7 35. Bd2 Bxb2 36. a5 Bd4 37. a6 Qf7 38. Qf4 Qe6 39. Ke2 d5 40. b4 dxe4 41. Qxe4 Qf6 42. Qf4 Qe6+ 43. Qe4 Qf6 44. Kd1 h4 45. Qf4 h3 46. Qh6+ Kg8 47. Qxh3 Qxa6 48. Ke2 Qf6 49. Qf3 Qe5+ 50. Qe4 Qh5+ 51. Ke1 Bf6 52. Qc4+ Kg7 53. Be3 Qh1+ 54. Ke2 Qh5+ 55. Kd2 Qe5 56. Qb3 Qb5 57. Bc5 Bg5+ 58. Kc2 Bf6 59. Kd2 Bg5+ 60. Ke2 Qb8 61. Qe6 Qc7 62. d4 Qb7 63. d5 Qb5+ 64. Kf3 Kh6 65. Be3 Qxb4 66. Qh3+ Kg7 67. Bxg5 Qb3+ 68. Be3 Qxd5+ 69. Kg3 Qe5+ 70. Kg2 Qd5+ 71. Qf3 Qc4 72. Bg5 Qc5 73. Qe3 Qd5+ 74. f3 e5 75. Qa7+ Qf7 76. Qc5 Qe6 77. Kg3 Kf7 78. Qc7+ Ke8 79. Qd8+ Kf7 80. Bh6 Qf5 81. Qd5+ Kf6 82. Bd2 g5 83. Qc4 Kg7 84. Qc6 Kf7 85. Qd6 Kg8 86. Qe7 g4 87. Qd8+ Kf7 88. Qd5+ Kg6 89. fxg4 1-0

[Event "III Menorca Open-A 2024"]
[Site "Ciutadella Menorca"]
[Date "2024.04.06"]
[Round "7.22"]
[White "Vogel, Roven"]
[Black "Vega Gutierrez, Sabrina"]
[Result "1-0"]
[ECO "D37"]
[WhiteElo "2528"]
[BlackElo "2383"]
[Annotator "TA"]
[PlyCount "89"]
[EventDate "2024.04.02"]
[EventType "swiss"]
[EventCountry "ESP"]
[SourceTitle "playchess.com"]
[Source "ChessBase"]
[SourceQuality "1"]
[TimeControl "5400+30"]

1. Nf3 Nf6 2. c4 e6 3. d4 a6 4. Nc3 d5 5. cxd5 exd5 6. Bg5 Be6 7. Bxf6 Qxf6 8. Qb3 {[%emt 0:00:05] The position is equal.} Ra7 9. a3 Qd8 10. Qc2 Nd7 11. e4 dxe4 12. Nxe4 Be7 {[%emt 0:00:00] Against Neg5} 13. O-O-O c6 14. h4 b5 15. Kb1 Kf8 (15... Bd5 $11) 16. Nfg5 {[%emt 0:00:00] Threatens to win with Nxe6+. White is more active. Excellent horsemanship.} Bd5 17. Nc3 h6 18. Nxd5 cxd5 19. Nf3 h5 20. Qf5 g6 21. Qxd5 Kg7 22. Qb3 Qb6 23. Bd3 Bf6 24. Rhe1 Rd8 25. Re4 {[%emt 0:00:00] And now g4 would win.} Nf8 26. g4 hxg4 27. Rxg4 {[%emt 0:00:00] Hoping for h5.} Qe6 $1 28. Qxe6 Nxe6 29. Bc2 Rad7 30. Bf5 {[%emt 0:00:00] Threatening Bxe6.} Rd6 31. Bxe6 Rxe6 32. h5 Re2 33. hxg6 fxg6 34. Rdg1 Rxf2 35. Rxg6+ Kf7 36. R6g3 Re8 37. R1g2 Rxg2 38. Rxg2 $11 {[%emt 0:00:06][%mdl 4096] Endgame. KRB-KRN} Re3 39. Ng5+ Ke7 40. Rg4 a5 41. Kc2 Bxg5 $4 (41... Kd7 $11) 42. Rxg5 $18 {[%emt 0:00:02] Re5+ would now be deadly.} Re2+ 43. Kc1 b4 {[%emt 0:00:12] [#]} (43... Re6 $142 44. Rxb5 Rd6 45. Rxa5 Rxd4) 44. axb4 $1 {[%emt 0:01:53] White wants to mate with Re5+.} ({Not} 44. Rxa5 bxa3 45. Rxa3 Rh2 $11) 44... axb4 {[%emt 0:00:28] [#]} 45. Re5+ $1 {[%emt 0:08:03] Weighted Error Value: White=0.08 (flawless) /Black=0.48.  Loses game:     	---       	Black=1      Mistake:       	---       	Black=2      Inaccurate:     	White=4     	Black=4      OK:         	White=13    	Black=20     Best:        	White=1     	Black=1      Strong:       	White=1     	Black=1} ({Inferior is} 45. Rb5 Kd7 $11) 1-0

[Event "III Menorca Open-A 2024"]
[Site "Ciutadella Menorca"]
[Date "2024.04.06"]
[Round "7.23"]
[White "Fernandez Guillen, Ernesto J."]
[Black "Oro, Faustino"]
[Result "1-0"]
[ECO "A05"]
[WhiteElo "2474"]
[BlackElo "2330"]
[Annotator "TA"]
[PlyCount "77"]
[EventDate "2024.04.02"]
[EventType "swiss"]
[EventCountry "ESP"]
[SourceTitle "playchess.com"]
[Source "ChessBase"]
[SourceQuality "1"]
[TimeControl "5400+30"]

1. Nf3 Nf6 2. g3 c5 3. Bg2 g6 4. O-O Bg7 5. d3 O-O 6. e4 d6 7. e5 Nd5 8. Re1 Nc6 9. exd6 {[%emt 0:01:30] The position is equal.} Qxd6 10. Nbd2 Qd8 11. a4 e5 12. Nc4 f6 13. Nfd2 Nde7 14. Ne4 b6 {[%emt 0:00:19] [#]} 15. a5 $1 {[%emt 0:00:06] Threatens to win with axb6.} Rb8 16. axb6 (16. f4 {is interesting.} Be6 17. fxe5 Nxe5 18. Nxe5 fxe5 19. axb6 axb6 20. Ra7) 16... axb6 17. f4 f5 (17... b5 $11 18. Na3 Bg4 19. Nxf6+ (19. Qxg4 f5 $16) 19... Bxf6 20. Qxg4 Kh8) 18. Nc3 $16 Bb7 19. fxe5 {[%emt 0:06:00] White is much more active.} Nd4 20. Bxb7 Rxb7 21. Nd6 $1 Rd7 22. Ncb5 $1 Nec6 23. Nxd4 Nxd4 24. c3 Nc6 {[%emt 0:00:10] [#]} 25. d4 cxd4 26. cxd4 Rxd6 27. exd6 Bxd4+ (27... Qxd6 $16 28. Qb3+ Kh8) 28. Kh1 Qxd6 {[%emt 0:00:13] ( -> ...Qd5+)} 29. Qb3+ Kh8 30. Qe6 {[%emt 0:01:21] Prevents Ne5.} Qc7 (30... Qxe6 {was necessary.} 31. Rxe6 Rc8) 31. Bh6 $18 Qb7 (31... Nb8 {keeps fighting.}) 32. Qd5 (32. Bxf8 $2 Ne5+ (32... Bxb2 $2 33. Qd5 $18) (32... Bxb2 $2 33. Qd5 $18)) 32... Rd8 {[%emt 0:00:18] [#]} (32... Rg8 $142 33. Re2 Bc5) 33. Ra7 $4 Qc8 $19 (33... Nxa7 34. Qxb7) (33... Qxa7 34. Qxd8+ Nxd8 35. Re8#) 34. Qf7 Nxa7 ({Not} 34... Bxb2 35. Qxh7#) 35. Kg2 Nc6 {[%emt 0:02:31] Dodges Re7} 36. b4 b5 ({Worse is} 36... Nxb4 37. Re7 Qc2+ 38. Kh3) 37. Re6 Rg8 ({Inferior is} 37... Nxb4 38. Re7 Qc2+ 39. Kh3) 38. Rd6 {[%emt 0:01:17][%cal Od6d4] Dodges Nd8. Intending Rxd4! and mate.} Rd8 $4 {[%emt 0:00:11][%mdl 8192] [#]} (38... Bg7 $19 39. Bxg7+ Rxg7) 39. Rxd4 $1 {[%emt 0:00:27][%mdl 512] A wild game.   Weighted Error Value: White=0.17 (very precise) /Black=0.52.  Missed win:     	White=1     	Black=1      Mistake:       	---       	Black=5      Inaccurate:     	---       	Black=1      OK:         	White=14    	Black=7      Best:        	White=2     	Black=6      Strong:       	White=2     	---        Brilliant:      	White=1     	---} 1-0

[Event "III Menorca Open-A 2024"]
[Site "Ciutadella Menorca"]
[Date "2024.04.06"]
[Round "7.24"]
[White "Fraga Pons, Albert Borja"]
[Black "Setien Solar, Enrique"]
[Result "1-0"]
[ECO "C30"]
[WhiteElo "1958"]
[BlackElo "2055"]
[Annotator "RC"]
[PlyCount "153"]
[EventDate "2024.04.02"]
[EventType "swiss"]
[EventCountry "ESP"]
[SourceTitle "playchess.com"]
[Source "ChessBase"]
[SourceQuality "1"]
[TimeControl "5400+30"]

1. e4 e5 2. Bc4 Nf6 3. d3 Be7 4. f4 d6 5. Nf3 Nc6 6. O-O O-O 7. c3 a6 8. a4 Bd7 9. Na3 Qc8 10. Bb3 Bg4 11. f5 Qd7 12. h3 Bxf3 13. Qxf3 Rad8 14. g4 d5 15. g5 dxe4 16. dxe4 Ne8 17. g6 Qd3 18. gxf7+ Rxf7 19. Be3 Nf6 20. Rad1 Qxe4 21. Rxd8+ Bxd8 22. Qxe4 Nxe4 23. Kg2 Kf8 24. Bxf7 Kxf7 25. Kf3 Nd6 26. Kg4 h6 27. Nb1 Ne4 28. Na3 Be7 29. Nc4 Nf6+ 30. Kf3 b5 31. axb5 axb5 32. Nd2 Bd6 33. Ne4 Nd5 34. Rd1 Nce7 35. Bc5 Bxc5 36. Nxc5 c6 37. Nd7 Nxf5 38. Nxe5+ Kf6 39. Nxc6 Nde3 40. Rd2 Nc4 41. Re2 g5 42. Nd4 Ne5+ 43. Kf2 Nd3+ 44. Kg1 Nf4 45. Rh2 Nh4 46. Kf2 Ke5 47. Nf3+ Ke4 48. Nxh4 gxh4 49. b3 Nd3+ 50. Kg1 Ke3 51. Ra2 Nc1 52. Ra6 Ne2+ 53. Kh2 Nxc3 54. Rxh6 Ne2 55. Rxh4 Nd4 56. Rxd4 Kxd4 57. h4 Kc3 58. h5 Kxb3 59. h6 Ka2 60. h7 b4 61. h8=Q b3 62. Qg8 Ka3 63. Qg3 Ka2 64. Qg8 Ka3 65. Qf8+ Ka2 66. Qf7 Kb2 67. Kg2 Kc2 68. Qc4+ Kb2 69. Kf2 Ka3 70. Qc1+ Ka2 71. Qc4 Kb2 72. Ke2 Ka3 73. Qa6+ Kb2 74. Kd2 Kb1 75. Qf1+ Ka2 76. Kc3 b2 77. Qe2 1-0

[Event "III Menorca Open-A 2024"]
[Site "Ciutadella Menorca"]
[Date "2024.04.06"]
[Round "8.1"]
[White "Erigaisi Arjun"]
[Black "Aryan Chopra"]
[Result "1-0"]
[ECO "D41"]
[WhiteElo "2748"]
[BlackElo "2630"]
[Annotator "TA"]
[PlyCount "113"]
[EventDate "2024.04.02"]
[EventType "swiss"]
[EventCountry "ESP"]
[SourceTitle "playchess.com"]
[Source "ChessBase"]
[SourceQuality "1"]
[TimeControl "5400+30"]

1. d4 Nf6 2. c4 e6 3. Nf3 d5 4. Nc3 c5 5. cxd5 Nxd5 6. e4 Nxc3 7. bxc3 cxd4 8. cxd4 Bb4+ 9. Bd2 Bxd2+ 10. Qxd2 O-O 11. Bc4 Nd7 12. O-O {[%emt 0:00:00] D41: Queen's Gambit Declined: Semi-Tarrasch with 5 cxd5.} b6 13. Rac1 Bb7 14. d5 Nc5 15. Rfe1 Qf6 16. Qe3 Rad8 17. Rcd1 exd5 18. exd5 Rd6 $146 ({Predecessor:} 18... h6 19. Ne5 Rd6 20. Rd4 Qg5 21. f4 Qf5 22. g4 Qc8 23. h3 Re8 24. Qd2 Red8 {½-½ Kaszowski,D (2299)-Hnydiuk,A (2366) POL-chT 1st League 2006 (3)}) 19. h3 h6 20. Rd4 a6 21. a3 Qd8 22. Ba2 Qc7 (22... Bxd5 $2 {too greedy.} 23. Qe5 Bxa2 24. Rxd6 $18) 23. Qe5 Bc8 24. Qg3 Qd8 25. Ne5 Qg5 26. Qxg5 (26. Qf3 {keeps more tension.} Rf6 27. Qc3 Re8 28. h4) 26... hxg5 27. Nc4 Rf6 28. Re7 Rd8 29. Ne5 Kf8 {[%emt 0:00:30] [#]} 30. Rc7 $1 Bd7 31. d6 Rf5 32. Nxd7+ Nxd7 {[%emt 0:00:30] [#]} 33. Re4 $1 Nc5 34. Ree7 Rxd6 35. Rxf7+ ({But not} 35. Bxf7 $6 Nd7 36. Rcxd7 (36. Rexd7 Rxd7 37. Rxd7 Rxf7 $14) 36... Rxd7 37. Rxd7 Rxf7 $14) 35... Rxf7 36. Rxf7+ Ke8 37. Rxg7 Rd1+ 38. Kh2 Rd2 39. Bc4 Rxf2 40. Rxg5 Rf4 (40... Ke7 $16 41. Bd5 Kf6) 41. Bd5 $18 Rd4 42. g4 Rd2+ 43. Kg1 Rd1+ 44. Kg2 Rd2+ 45. Kf1 Ke7 46. h4 Kf6 $2 (46... Kd6) 47. Rf5+ $18 Kg6 (47... Kg7 $142 48. h5 Kh6) 48. h5+ $18 Kh6 49. Bf3 Kg7 50. g5 a5 51. Rf6 b5 52. h6+ Kh7 53. Bg4 Rd8 54. Bf5+ Kg8 55. g6 b4 56. axb4 axb4 57. h7+ 1-0

[Event "III Menorca Open-A 2024"]
[Site "Ciutadella Menorca"]
[Date "2024.04.06"]
[Round "8.2"]
[White "Warmerdam, Max"]
[Black "Dardha, Daniel"]
[Result "1/2-1/2"]
[ECO "B13"]
[WhiteElo "2628"]
[BlackElo "2628"]
[Annotator "TA"]
[PlyCount "44"]
[EventDate "2024.04.02"]
[EventType "swiss"]
[EventCountry "ESP"]
[SourceTitle "playchess.com"]
[Source "ChessBase"]
[SourceQuality "1"]
[TimeControl "5400+30"]

1. e4 c6 2. d4 d5 3. exd5 cxd5 4. Nf3 Nc6 5. Bb5 e6 6. O-O Bd6 7. Re1 Nge7 8. Bd3 Nb4 9. Bf1 O-O 10. a3 Nbc6 11. b3 a6 12. Nbd2 b5 13. Bb2 Qc7 14. Bd3 b4 15. Bf1 bxa3 16. Bxa3 Bxa3 17. Rxa3 {[%emt 0:00:05] The position is equal.} Nb4 18. c4 a5 19. Qc1 Nec6 20. Qc3 Ba6 21. g3 Rfe8 22. Raa1 Rad8 {[%emt 0:04:17] Not much happened in this game.   Weighted Error Value: White=0.06 (flawless) /Black=0.05 (flawless) .  OK:         	White=4     	Black=7} 1/2-1/2

[Event "III Menorca Open-A 2024"]
[Site "Ciutadella Menorca"]
[Date "2024.04.06"]
[Round "8.3"]
[White "Fedoseev, Vladimir"]
[Black "Fernandez, Daniel Howard"]
[Result "1-0"]
[ECO "C55"]
[WhiteElo "2690"]
[BlackElo "2528"]
[Annotator "TA"]
[PlyCount "125"]
[EventDate "2024.04.02"]
[EventType "swiss"]
[EventCountry "ESP"]
[SourceTitle "playchess.com"]
[Source "ChessBase"]
[SourceQuality "1"]
[TimeControl "5400+30"]

1. e4 e5 2. Bc4 Nc6 3. Nf3 Be7 4. d3 d6 5. a3 Nf6 6. Nc3 Be6 {[%emt 0:01:04] C55: Two Knights: 4 d3, 4 d4 exd4 5 e5 and Max Lange Attack.} 7. Nd5 Nd4 8. Ng5 $146 ({Predecessor:} 8. Nxd4 exd4 9. Nxf6+ Bxf6 10. Bxe6 fxe6 11. Qh5+ Kd7 12. f4 c6 13. O-O Qe8 14. Qa5 {1-0 Swindells,J (2260)-Coates,K (2165) BCF-chT2b 1516 (4NCL) 2015 (7.253)}) 8... c6 9. Nxe6 Nxe6 10. Ne3 d5 11. exd5 cxd5 12. Ba2 O-O 13. O-O g6 14. c3 Qd7 15. Nc2 Kg7 16. d4 exd4 17. Nxd4 Bc5 18. Nf3 Rad8 19. Qd2 Rfe8 20. Qh6+ Kg8 21. Qh4 Ne4 22. Ne5 Qc7 23. Nd3 Bb6 24. Bh6 Nd6 25. Qg3 a5 26. Rad1 Qe7 27. Qf3 Ne4 28. g3 $1 Qf6 29. Qxf6 (29. Kg2 {seems wilder.} Qxf3+ 30. Kxf3 d4 31. Rfe1) 29... Nxf6 30. Kg2 Bc7 31. h3 Bd6 32. Be3 b5 33. f4 Nc7 34. Bd4 Nd7 35. Bb3 Bf8 36. f5 (36. Kf3 {looks sharper.} Re6 37. g4 Bg7 38. Bf2) 36... Bg7 37. Bf2 (37. Ba7 $16) 37... g5 (37... gxf5 $14 38. Nf4 d4) 38. a4 bxa4 (38... Nf6 $16) 39. Bxa4 $18 Re7 40. g4 ({White should play} 40. Rfe1 $18 Rxe1 41. Rxe1 (41. Nxe1 h5 $16)) 40... d4 {[%emt 0:01:16] [#]} 41. cxd4 ({Weaker is} 41. Bxd4 Bxd4 42. cxd4 Nb6 $11) (41. Bxd7 $142 $1 {Bc6 is the strong threat.} Rexd7 42. c4) 41... Nb6 $16 {[%emt 0:00:02] [#]} 42. Bb3 $1 a4 43. Ba2 Ncd5 44. Rfe1 Rxe1 (44... Ra7 $16) 45. Rxe1 $18 a3 (45... Rc8 $16 46. Kf3 h5) 46. bxa3 $18 Ra8 (46... Nc3 $142) 47. Nc5 Bf8 (47... h5 $142 48. Bxd5 (48. gxh5 Rxa3 49. Bb3 Kh7 $16) 48... Nxd5) 48. Bxd5 $18 Nxd5 49. Ra1 Nf4+ 50. Kf3 Nxh3 51. Be3 Bd6 52. a4 Nf4 53. Bxf4 Bxf4 54. a5 Bb8 55. d5 Kg7 56. a6 Ba7 57. Nb7 Re8 58. Ra3 h5 59. d6 hxg4+ 60. Kg3 Bb6 61. Rb3 Bd8 62. Nxd8 Rxd8 63. a7 1-0

[Event "III Menorca Open-A 2024"]
[Site "Ciutadella Menorca"]
[Date "2024.04.06"]
[Round "8.4"]
[White "Krzyzanowski, Marcin"]
[Black "Alekseenko, Kirill"]
[Result "0-1"]
[ECO "C50"]
[WhiteElo "2510"]
[BlackElo "2650"]
[Annotator "TA"]
[PlyCount "120"]
[EventDate "2024.04.02"]
[EventType "swiss"]
[EventCountry "ESP"]
[SourceTitle "playchess.com"]
[Source "ChessBase"]
[SourceQuality "1"]
[TimeControl "5400+30"]

1. e4 e5 2. Nf3 Nc6 3. Bc4 Bc5 4. d3 Nf6 5. Nc3 h6 6. O-O O-O 7. Be3 Bxe3 8. fxe3 d6 9. a3 {[%emt 0:02:55] C50: Hungarian Defence and Giuoco Pianissimo.} Be6 10. Nd5 Bxd5 11. exd5 Ne7 12. e4 Nd7 $146 ({Predecessor:} 12... Ng6 13. Qe1 a6 14. b4 b5 15. Bb3 c5 16. bxc5 dxc5 17. c4 Ne8 18. a4 Nd6 19. axb5 axb5 {1-0 Schulz,J-Schlosser,J CT Bishop 19815 2016}) 13. Qd2 f5 14. exf5 Nxf5 15. Rf2 Qb8 16. a4 a6 17. Kh1 Qa7 18. Re1 Rf6 19. c3 Raf8 20. Bb3 Kh8 21. Rff1 Qb6 (21... Nh4 $5 22. Bd1 $15) 22. Bd1 (22. Bc4 $15) 22... Qc5 (22... Qa5 $17 23. Kg1 Qxd5) 23. Bb3 $11 Qb6 ({Black should try} 23... c6 $11) 24. Bd1 $17 Qa5 25. Bb3 {[%emt 0:02:26] [#]} Nd4 $1 26. Bd1 (26. cxd4 $2 {perishes.} Rxf3 27. Qe2 Rxf1+ 28. Rxf1 Qb4 (28... exd4 $2 29. Rxf8+ Nxf8 30. h3 $19) 29. Rxf8+ Nxf8 $19) 26... Nxf3 27. Bxf3 Qxd5 28. Rg1 Qb3 29. Re4 (29. a5 $17) 29... a5 30. Rh4 (30. d4 $17) 30... c6 31. h3 Qf7 (31... Nc5 $19 32. Bd1 Qe6) 32. Re1 d5 33. c4 b6 34. cxd5 cxd5 35. Qd1 Rd6 36. Qd2 Qf6 37. Rh5 e4 38. Bg4 Qd4 39. Bxd7 Rxd7 40. Qe3 Qxd3 ({Resist} 40... Qxb2 41. dxe4 d4 42. Qd3 $17 (42. Rxh6+ $2 gxh6 43. Qxh6+ Kg8 $19)) 41. Qxd3 exd3 42. Rd1 {[%emt 0:00:16] [#]} Rf4 $1 43. Rxd3 Rxa4 44. Rhxd5 Rxd5 45. Rxd5 Rb4 46. Rd2 Kh7 47. Kh2 Kg6 48. Rf2 Kg5 49. g3 (49. Kh1 $142) 49... a4 $19 50. Kg2 b5 51. Kf3 Kf5 52. h4 (52. Ke2+ $142 Ke5 53. Kd1) 52... Rb3+ $19 53. Kg2+ Ke6 54. h5 b4 55. Kh3 Kd5 56. Kg4 Rxb2 57. Rxb2 b3 58. Rf2 a3 59. Rf5+ Kc4 60. Ra5 a2 0-1

[Event "III Menorca Open-A 2024"]
[Site "Ciutadella Menorca"]
[Date "2024.04.06"]
[Round "8.5"]
[White "Chigaev, Maksim"]
[Black "Iermito, Sebastian"]
[Result "1-0"]
[ECO "C45"]
[WhiteElo "2617"]
[BlackElo "2511"]
[Annotator "TA"]
[PlyCount "107"]
[EventDate "2024.04.02"]
[EventType "swiss"]
[EventCountry "ESP"]
[SourceTitle "playchess.com"]
[Source "ChessBase"]
[SourceQuality "1"]
[TimeControl "5400+30"]

1. e4 e5 2. Nf3 Nc6 3. d4 exd4 4. Nxd4 Bc5 5. Nb3 Bb6 6. Nc3 d6 7. Qe2 a5 {[%emt 0:00:14] is cutting edge theory. C45: Scotch Game.} 8. a4 Nb4 9. Bf4 Qf6 10. Qd2 Be6 $146 ({Predecessor:} 10... Ne7 11. O-O-O Ng6 12. Be3 Bxe3 13. Qxe3 O-O 14. g3 Bg4 15. Be2 Bxe2 16. Qxe2 Rfe8 {½-½ Sethuraman,S (2657)-Melkumyan,H (2662) Yerevan Asrian Memorial 11th 2018 (7)}) 11. O-O-O h6 12. Bb5+ c6 13. Be2 (13. Qxd6 Rd8 (13... cxb5 14. Nxb5 Ne7 15. N3d4 $15) 14. Qe5 (14. Be5 $2 Rxd6 15. Bxf6 Rxd1+ 16. Rxd1 Nxf6 $19) 14... Qxe5 (14... cxb5 15. Rxd8+ Bxd8 16. Qxb5+ Bd7 17. Qe5+ Qxe5 18. Bxe5 $17) 15. Bxe5 cxb5) 13... O-O-O $1 14. Be3 Bxe3 15. Qxe3 Bxb3 16. cxb3 Ne7 17. Qa7 Qg5+ 18. Kb1 Qc5 $1 19. Bg4+ $1 f5 $1 ({Don't go for} 19... Kc7 $2 20. Nb5+ (20. Qxc5 dxc5 21. g3 Rd4 $15) 20... cxb5 21. Rc1 $18 (21. Qxa5+ $2 {loses.} Kb8 $19)) 20. Bxf5+ (20. Qxc5 {simplifies} dxc5 21. Rxd8+ Kxd8 22. Bxf5 Nxf5 23. exf5 Re8 24. Rd1+) 20... Nxf5 21. Qxc5 dxc5 22. exf5 Rhe8 23. Rxd8+ Rxd8 ({Black should play} 23... Kxd8 $14 24. Rd1+ Kc8) 24. Rd1 $1 $16 Rxd1+ 25. Nxd1 Kd7 26. Ne3 b5 {[%emt 0:00:00] [#]} 27. f3 $1 Kd6 {[%emt 0:00:00] [#]} 28. Kc1 $1 Ke5 29. Kd2 Na6 30. g3 Nb8 (30... h5 $16 31. g4 Nb8) 31. Kd3 $18 Nd7 (31... h5 $142 32. f4+ Kd6) 32. f4+ $18 Kd6 33. axb5 cxb5 34. g4 Nb6 35. h4 a4 36. bxa4 c4+ 37. Kc2 Nxa4 38. g5 Ke7 39. Nd5+ Kf8 40. Nc3 Nc5 41. Nxb5 Nd3 (41... Ne4 $142 42. Nd4 h5) 42. Nd4 $18 Kf7 43. Kc3 Nxf4 44. Kxc4 Ng2 45. b4 Nxh4 46. b5 Ke8 47. b6 Kd7 48. f6 gxf6 49. gxh6 Kc8 50. h7 Ng6 51. Nf5 Nh8 52. Kb5 Kb7 53. Nd6+ Kb8 54. Ka6 1-0

[Event "III Menorca Open-A 2024"]
[Site "Ciutadella Menorca"]
[Date "2024.04.06"]
[Round "8.6"]
[White "Yuffa, Daniil"]
[Black "Klimkowski, Jan"]
[Result "1-0"]
[ECO "A13"]
[WhiteElo "2606"]
[BlackElo "2505"]
[Annotator "TA"]
[PlyCount "53"]
[EventDate "2024.04.02"]
[EventType "swiss"]
[EventCountry "ESP"]
[SourceTitle "playchess.com"]
[Source "ChessBase"]
[SourceQuality "1"]
[TimeControl "5400+30"]

1. Nf3 Nf6 2. c4 e6 3. g3 d5 4. Bg2 d4 5. O-O c5 6. e3 Nc6 7. exd4 cxd4 8. d3 Bd6 9. Nbd2 O-O 10. Ng5 e5 {[%emt 0:14:58] The position is equal.} 11. a3 Bg4 12. Qe1 h6 13. Nge4 Nxe4 14. Nxe4 Re8 15. b4 Bf8 16. h3 Be6 {[%emt 0:01:27] [#]} (16... Bf5 $11 {keeps the balance.}) 17. g4 $1 $16 f5 18. gxf5 Bxf5 19. f4 exf4 20. Bxf4 {[%emt 0:00:32] Black must now prevent Qg3.} Qd7 21. b5 Nd8 22. Ra2 (22. Qg3 $16 {Nf6+ is the strong threat.} Bxe4 23. Bxe4 Rxe4 24. dxe4) 22... Nf7 $1 $14 23. Qh4 Ne5 $2 {[%emt 0:09:11] [#] This costs Black the game.} ({Black should try} 23... a6 $14) 24. Bxh6 $1 $18 {[%emt 0:04:48][%cal Oe4f6] Strongly threatening Nf6+!} Nxd3 $2 {[%emt 0:04:11] [#]} (24... Ng6 25. Qg3 Be7) 25. Nf6+ $1 {[%emt 0:01:14][%mdl 512] White is clearly winning.} gxf6 26. Bd5+ Re6 27. Rg2+ {[%emt 0:00:37] Weighted Error Value: White=0.08 (flawless) /Black=0.33.  Loses game:     	---       	Black=1      Mistake:       	White=1     	Black=2      Inaccurate:     	White=1     	---        OK:         	White=6     	Black=3      Best:        	---       	Black=2      Strong:       	White=2     	Black=1      Brilliant:      	White=1     	---} ({Weaker is} 27. Bxe6+ Qxe6 28. Rg2+ Kf7 $18) 1-0